 Dungeon Crawl Stone Soup version 0.23-a0-767-gdc19b93d68 (webtiles) character file.

239 LLavrengius the Shield-Bearer (level 6, -2/43 HPs)
             Began as an Octopode Fighter on Jan 25, 2019.
             Slain by a sky beast (4 damage)
             ... on level 3 of the Dungeon.
             The game lasted 00:08:09 (2780 turns).

LLavrengius the Shield-Bearer (Octopode Fighter)    Turns: 2780, Time: 00:08:10

Health: -2/43      AC:  1    Str: 21    XL:     6   Next: 7%
Magic:  6/6        EV: 12    Int: 12    God:
Gold:   119        SH: 11    Dex: 11    Spells: 5/5 levels left

rFire    . . .     SeeInvis .   a - +0 long sword
rCold    . . .     Gourm    .   b - +1 shield
rNeg     + . .     Faith    .   (helmet restricted)
rPois    .         Spirit   .   n - amulet of regeneration
rElec    .         Reflect  .   h - ring of positive energy
rCorr    .         Harm     .   (no ring)
MR       .....                  (no ring)
Stlth    ++........             (no ring)
HPRegen  0.54/turn              (no ring)
MPRegen  0.10/turn              (no ring)
                                (no ring)
                                (no ring)

@: mighty
A: almost no armour, stealthy swim, amphibious, 8 rings, constrict 8, camouflage
1, gelatinous body 1
a: no special abilities


You were on level 3 of the Dungeon.
You were not hungry.

You visited 1 branch of the dungeon, and saw 4 of its levels.

You collected 119 gold pieces.

Inventory:

Hand Weapons
 a - a +0 long sword (weapon)
 e - a +1 dagger of venom
Missiles
 y - 4 tomahawks (quivered)
Armour
 b - a +1 shield (worn)
Jewellery
 h - a ring of positive energy (left tentacle)
 l - an uncursed ring of fire
 n - an amulet of regeneration (around mantle)
Scrolls
 g - 2 scrolls of remove curse
 i - 2 scrolls of identify
 m - 2 scrolls of teleportation
Potions
 f - 3 potions of curing
 j - a potion of flight {unknown}
 k - a potion of cancellation {unknown}
 o - a potion of haste {unknown}
 q - a potion of agility {unknown}
 r - 2 potions of heal wounds {unknown}
 s - a potion of magic {unknown}
 v - a potion of invisibility {unknown}
 w - a potion of degeneration {unknown}
Comestibles
 d - 6 rations


   Skills:
 + Level 4.1 Fighting
 + Level 3.5 Long Blades
 - Level 3.0 Dodging
 * Level 5.1 Shields


You had 5 spell levels left.
You didn't know any spells.
Your spell library was empty.

Dungeon Overview and Level Annotations

Branches:
Dungeon (4/15)
 Temple: D:4-7

Altars:
Ashenzari
Elyvilon
Kikubaaqudgha
Uskayaw
Xom
The Shining One


Innate Abilities, Weirdness & Mutations

You cannot wear most types of armour.
You are very stealthy in the water. (Stealth+)
You are amphibious.
You can wear up to eight rings at the same time.
You can use your tentacles to constrict eight enemies at once.
Your skin changes colour to match your surroundings (Stealth+).
Your rubbery body absorbs attacks. (AC +1, EV +1)


Message History

You hit the sky beast. Your squeeze misses the sky beast.
The sky beast is severely wounded.
The sky beast hits you. The sky beast shocks you.
You barely miss the sky beast.
The sky beast is severely wounded.
You block the sky beast's attack.
You closely miss the sky beast.
The sky beast is severely wounded.
The sky beast hits you. The sky beast shocks you.
* * * LOW HITPOINT WARNING * * *
You hit the sky beast. Your squeeze misses the sky beast.
The sky beast is severely wounded.
The sky beast barely misses you.
The sky beast flickers out of sight!
Deactivating autopickup; reactivate with Ctrl-A.
Something hits you.
* * * LOW HITPOINT WARNING * * *
Something shocks you.
* * * LOW HITPOINT WARNING * * *
You miss something. Something hits you.
You die...

##### #......... #...# #.........
############...#########.........
...........'...'.......'....>...÷
#########.##...#########........#
.÷..#####'##......# #........#
....#.............######........#
)...#...........................#
....#...........@{≈..........####
....#........####............#
....#........# #............#
....#........# #............#
....#........# ############.#
....#........# #.#
....#........######## #.#
....#........##.....#### #.#
...[#####.#####........#####.#


There were no monsters in sight!

Vanquished Creatures
  An orc priest (D:3)
  An orc wizard (D:3)
  An iguana (D:3)
  A worker ant (D:4)
  2 gnolls (D:3)
  2 adders (D:2)
  2 worms
  A dart slug (D:1)
  2 leopard geckos (D:1)
  7 orcs
  2 giant cockroaches (D:1)
  9 goblins
  4 hobgoblins
  12 jackals (D:2)
  5 kobolds
  2 quokkas
  A ball python (D:2)
  13 bats
  6 frilled lizards
  6 rats
80 creatures vanquished.

Notes
Turn   | Place    | Note
-------+----------+-------------------------------------------
     0 | D:1      | LLavrengius the Octopode Fighter began the quest for the
                  | Orb.
     0 | D:1      | Reached XP level 1. HP: 16/16 MP: 1/1
   139 | D:1      | Reached XP level 2. HP: 21/21 MP: 2/2
   612 | D:1      | Reached XP level 3. HP: 26/26 MP: 3/3
   881 | D:2      | Reached skill level 4 in Shields
   949 | D:2      | Reached XP level 4. HP: 31/31 MP: 4/4
  1084 | D:2      | Found a white marble altar of Elyvilon.
  1130 | D:2      | Found a hide-covered altar of Uskayaw.
  1971 | D:3      | Reached XP level 5. HP: 37/37 MP: 5/5
  2015 | D:3      | Found a shattered altar of Ashenzari.
  2020 | D:3      | Found a glowing golden altar of the Shining One.
  2021 | D:3      | Found an ancient bone altar of Kikubaaqudgha.
  2023 | D:3      | Found a shimmering altar of Xom.
  2663 | D:4      | Reached skill level 5 in Shields
  2663 | D:4      | Reached XP level 6. HP: 43/43 MP: 6/6
  2665 | D:4      | Noticed a sky beast
  2779 | D:3      | HP: 2/43 [something (5)]
  2780 | D:3      | Slain by a sky beast

Vault maps used:
D:1:      dpeg_arrival_rooms_c
D:2:      eat_drink_and_be_merry_uskayaw, elyvilon_altar_3, serial_forest,
          infiniplex_forest_lined_corner, infiniplex_forest_end_3,
          infiniplex_forest_clump_medium, infiniplex_forest_clump_medium,
          infiniplex_forest_straight_2, infiniplex_forest_straight_3,
          infiniplex_forest_join, infiniplex_forest_end_2,
          infiniplex_forest_lined_3
D:3:      minitemple
D:4:      nicolae_ru_path_of_blood, minmay_temple_entry_crystal_x,
          grunt_decor_fettered, skrybe_limestone_x, grunt_qazlal_clouds

Skill      XL: |  1  2  3  4  5 |
---------------+----------------+-----
Shields        | 4 5 |  5.1
Long Blades    | 3 |  3.5
Fighting       | 4 |  4.1
Dodging        | |  3.0

Action                   |  1- 3 |  4- 6 || total
-------------------------+-------+-------++-------
Melee: Long sword        |    63 |    96 ||   159
       Constrict         |    20 |    28 ||    48
       Tentacles         |     9 |    21 ||    30
  Use: Scroll            |       |     9 ||     9
       Potion            |       |     1 ||     1
 Stab: Sleeping          |     5 |     3 ||     8
  Eat: Chunk             |       |     6 ||     6
Armor: Skin              |     3 |    12 ||    15
Dodge: Dodged            |    34 |    53 ||    87
Block: Shield            |    33 |    49 ||    82
       Rpst.: Long sword |    11 |    12 ||    23

Table legend:
 A = Non-vault XP
 B = Vault XP
 C = Vault XP percentage of total XP
 D = Non-vault monster count
 E = Vault monster count
 F = Vault count percentage of total count
                 A         B        C        D         E       F
            +---------+---------+-------+---------+---------+-------
      Total |     342 |       0 |   0.0 |      80 |       0 |   0.0
            +---------+---------+-------+---------+---------+-------
        D:1 |      42 |       0 |   0.0 |      24 |       0 |   0.0
        D:2 |      79 |       0 |   0.0 |      32 |       0 |   0.0
        D:3 |     185 |       0 |   0.0 |      22 |       0 |   0.0
        D:4 |      36 |       0 |   0.0 |       2 |       0 |   0.0
            +---------+---------+-------+---------+---------+-------
